Map: Terraços Prion

Players

TheZergLord - Winner!

  • Race: Zerg Zerg
  • League: Master

ToP

  • Race: Protoss Protoss
  • League: Master

VOD

Have the link to the VOD?

Description

Time

  • Played on: April 26, 2016, 8:48 a.m.
  • Length: 14:17
Show
View Real Time Build Order
Export as new Build Order

TheZergLord Zerg - Winner!

Build Orders: Hatch First, Zergling Baneling 

Get SALT Encoding   

  12  0:01  Drone  
  13  0:12  Overlord  
  13  0:18  Drone  
  14  0:31  Drone x2  
  14  0:35  Drone  
  17  0:52  Hatchery  
  17  0:55  Drone  
  17  0:58  Drone  
  18  1:10  Extractor  
  17  1:13  Spawning Pool  
  17  1:16  Drone  
  17  1:20  Drone  
  18  1:30  Drone  
  19  1:40  Overlord  
  19  2:01  Queen  
  19  2:02  Zergling x2  
  19  2:04  Drone x2  
  24  2:20  Hatchery  
  23  2:24  Zergling x2  
  23  2:25  Metabolic Boost  
  24  2:32  Drone x3  
  29  2:46  Drone  
  29  2:47  Drone  
  29  2:50  Drone  
  30  2:51  Pneumatized Carapace  
  30  2:53  Drone  
  31  3:03  Roach Warren  
  31  3:17  Hatchery  
  30  3:32  Overlord  
  30  3:37  Queen  
  30  3:39  Overlord  
  30  3:40  Drone  
  33  3:44  Drone  
  34  3:53  Drone x4  
  38  4:04  Baneling Nest  
  37  4:10  Drone x4  
  37  4:11  Drone  
  37  4:12  Queen  
  44  4:19  Extractor  
  43  4:27  Zergling x8  
  47  4:39  Queen  
  49  4:51  Zergling x16  
  57  4:55  Baneling  
  57  4:56  Baneling x10  
  57  5:04  Drone  
  57  5:08  Drone x2  
  55  5:24  Spore Crawler  
  55  5:25  Spore Crawler  
  55  5:26  Spore Crawler  
  55  5:27  Lair  
  52  5:28  Drone  
  52  5:29  Drone x5  
  58  5:50  Overlord x2  
  49  6:11  Zergling x2  
  49  6:12  Zergling x32  
  65  6:23  Drone x2  
  65  6:24  Drone x2  
  65  6:25  Drone x4  
  73  6:35  Overlord x3  
  73  6:37  Evolution Chamber  
  73  6:39  Hatchery  
  62  7:01  Drone x13  
  71  7:03  Extractor  
  71  7:05  Extractor  
  71  7:06  Extractor  
  71  7:07  Zerg Missile Weapons Level 1, Extractor  
  71  7:08  Drone  
  66  7:09  Centrifical Hooks  
  66  7:11  Hydralisk Den  
  63  7:21  Drone x3  
  66  7:24  Drone x3  
  66  7:28  Zergling x2  
  66  7:29  Zergling x4  
  72  7:48  Overlord x3  
  72  7:50  Muscular Augments  
  72  7:54  Hydralisk x4  
  72  7:55  Hydralisk x5  
  90  8:04  Hydralisk x2  
  93  8:07  Queen, Drone  
  93  8:08  Drone x6  
  102  8:18  Overlord  
  102  8:22  Hydralisk  
  102  8:23  Hydralisk x5  
  102  8:25  Hydralisk  
  116  8:29  Zergling x6  
  119  8:38  Zergling x6  
  119  8:39  Zergling x6  
  125  8:44  Baneling x5  
  125  8:45  Zergling x6  
  128  8:49  Spore Crawler  
  128  8:51  Extractor  
  128  8:54  Zergling x2  
  128  8:57  Baneling x7  
  128  8:58  Baneling x8  
  128  9:13  Zerg Missile Weapons Level 2  
  128  9:17  Overlord x3  
  128  9:18  Overlord  
  128  9:30  Hatchery  
  108  9:50  Hydralisk  
  108  9:51  Hydralisk x13  
  115  10:01  Extractor, Drone x6  
  115  10:02  Hydralisk x4  
  115  10:03  Extractor  
  115  10:04  Zergling x4  
  115  10:05  Zergling x4  
  129  10:31  Hydralisk x2  
  129  10:32  Hydralisk x7  
  147  10:42  Hydralisk x3  
  147  10:43  Hydralisk x2  
  147  10:45  Zergling x2  
  147  10:47  Overlord x2  
  147  10:48  Overlord x4  
  157  11:05  Queen  
  157  11:06  Spore Crawler  
  157  11:07  Hydralisk x10  
  157  11:09  Hydralisk  
  179  11:18  Drone x3  
  179  11:19  Zergling x2, Drone  
  179  11:20  Zergling x20  
  179  11:22  Zergling x2  
  194  11:33  Zerg Ground Armor Level 1  
  194  11:36  Hydralisk x2  
  194  11:38  Zergling x2  
  199  11:40  Baneling  
  199  11:41  Baneling x11  
  199  11:42  Baneling x2  
  199  11:43  Baneling  
  199  11:44  Baneling  
  199  11:45  Baneling  
  199  11:46  Baneling  
  199  11:48  Baneling  
  199  11:49  Baneling  
  199  11:50  Baneling  
  199  11:51  Baneling  
  199  11:56  Baneling x4  
  199  11:57  Baneling  
  199  12:12  Lurker Den  
  143  12:46  Hydralisk x10  
  143  12:47  Hydralisk x9  
  163  13:06  Hydralisk  
  163  13:07  Hydralisk x7  
  137  13:35  Hydralisk  
  137  13:36  Hydralisk x12  
  149  13:52  Hydralisk  
  149  13:53  Hydralisk x2  
Show
View Real Time Build Order
Export as new Build Order

ToP Protoss 

Build Orders:  

Get SALT Encoding   

  12  0:01  Probe (Chrono Boost)  
  13  0:12  Probe (Chrono Boost)  
  14  0:19  Pylon  
  14  0:23  Probe (Chrono Boost)  
  15  0:38  Probe (Chrono Boost)  
  15  0:40  Forge  
  16  0:48  Probe (Chrono Boost)  
  17  0:56  Gateway  
  17  1:00  Probe (Chrono Boost)  
  18  1:10  Probe (Chrono Boost)  
  19  1:20  Pylon  
  19  1:29  Probe (Chrono Boost)  
  20  1:39  Probe (Chrono Boost)  
  21  1:40  Photon Cannon  
  21  1:53  Nexus  
  21  2:02  Photon Cannon  
  21  2:08  Pylon  
  21  2:11  Assimilator  
  21  2:21  Cybernetics Core  
  21  2:29  Pylon  
  21  2:35  Photon Cannon  
  21  2:46  Probe (Chrono Boost)  
  21  2:49  Assimilator  
  22  2:56  Probe (Chrono Boost)  
  22  2:58  Adept (Chrono Boost)  
  24  3:07  Pylon  
  24  3:09  Probe  
  24  3:10  Probe  
  26  3:22  Probe  
  26  3:26  Warp Gate (Chrono Boost), Mothership Core  
  27  3:33  Adept (Chrono Boost)  
  31  3:35  Probe  
  31  3:53  Gateway x2  
  31  4:03  Probe x2, Pylon  
  33  4:13  Pylon  
  33  4:15  Probe (Chrono Boost)  
  33  4:16  Probe (Chrono Boost)  
  35  4:27  Probe (Chrono Boost)  
  35  4:29  Probe (Chrono Boost), Stargate  
  37  4:33  Pylon  
  37  4:37  Probe (Chrono Boost)  
  38  4:41  Probe (Chrono Boost)  
  39  4:48  Probe (Chrono Boost)  
  39  4:50  Protoss Ground Weapons Level 1  
  41  4:53  Probe (Chrono Boost)  
  41  4:56  Assimilator  
  41  4:58  Probe (Chrono Boost)  
  42  5:02  Robotics Facility  
  42  5:05  Probe (Chrono Boost)  
  43  5:09  Probe (Chrono Boost)  
  44  5:16  Oracle (Chrono Boost)  
  43  5:23  Probe (Chrono Boost)  
  43  5:24  Probe (Chrono Boost), Assimilator  
  45  5:33  Probe (Chrono Boost)  
  45  5:34  Probe (Chrono Boost)  
  47  5:38  Nexus  
  47  5:41  Pylon  
  47  5:45  Adept x2  
  47  5:46  Adept  
  52  5:55  Phoenix (Chrono Boost)  
  48  6:12  Adept  
  48  6:13  Adept x2  
  48  6:17  Phoenix (Chrono Boost)  
  56  6:18  Twilight Council  
  56  6:28  Immortal, Pylon  
  56  6:29  Pylon  
  60  6:33  Adept  
  60  6:34  Adept  
  60  6:38  Phoenix (Chrono Boost)  
  66  6:45  Adept  
  67  6:55  Adept x2  
  67  6:59  Phoenix (Chrono Boost)  
  69  7:05  Charge (Chrono Boost)  
  69  7:07  Probe x2, Immortal (Chrono Boost)  
  72  7:08  Probe  
  74  7:17  Probe  
  74  7:19  Probe  
  74  7:20  Probe  
  74  7:22  Pylon  
  77  7:28  Probe  
  78  7:31  Probe  
  78  7:32  Probe  
  78  7:34  Pylon  
  80  7:38  Probe  
  80  7:43  Probe  
  82  7:44  Probe  
  82  7:49  Probe  
  84  7:54  Adept x3  
  84  7:55  Probe  
  84  7:57  Probe  
  92  7:58  Gateway  
  92  8:00  Probe  
  92  8:02  Gateway  
  92  8:03  Gateway x2  
  89  8:07  Pylon  
  89  8:08  Probe  
  89  8:09  Protoss Ground Weapons Level 2 (Chrono Boost)  
  90  8:16  Assimilator  
  90  8:20  Assimilator  
  90  8:37  Immortal (Chrono Boost), Stalker x3  
  100  8:43  Robotics Facility  
  100  8:57  Templar Archives  
  100  8:59  Blink  
  100  9:01  Zealot  
  100  9:02  Zealot x3  
  108  9:08  Pylon  
  108  9:17  Fleet Beacon, Nexus  
  104  9:31  Zealot x2  
  104  9:32  Zealot x2  
  94  9:47  Zealot x2  
  80  9:53  Zealot  
  80  9:54  Zealot x4  
  80  9:58  Immortal (Chrono Boost)  
  90  10:00  Mothership Core  
  90  10:01  Immortal (Chrono Boost)  
  92  10:07  Tempest (Chrono Boost)  
  96  10:14  High Templar x2  
  96  10:15  High Templar  
  96  10:16  High Templar  
  96  10:18  Archon  
  96  10:20  Zealot x2  
  108  10:21  Archon  
  108  10:28  Pylon  
  108  10:34  Pylon  
  108  10:35  Protoss Ground Armor Level 1  
  108  10:37  Pylon  
  108  10:45  High Templar x2  
  108  10:49  Immortal x2  
  120  10:53  Archon  
  120  10:58  Tempest (Chrono Boost)  
  124  11:20  Adept x4  
  124  11:22  High Templar x2  
  136  11:28  Archon, Observer  
  137  11:33  Probe x2  
  137  11:35  Probe x2, Assimilator  
  137  11:37  Assimilator  
  137  11:39  Photon Cannon  
  145  11:40  Tempest (Chrono Boost)  
  145  11:44  Warp Prism  
  147  12:07  Pylon  
  147  12:08  Pylon  
  147  12:16  Immortal  
  147  12:22  Pylon  
  147  12:25  Immortal  
  147  12:29  Zealot x6  
  91  12:46  Zealot  
  77  12:56  Zealot x4  
  77  12:57  Zealot x3  
  68  13:18  Adept x5  
  60  13:28  Adept  
  40  13:46  High Templar x3  
  40  13:47  High Templar x2  
  50  13:52  Archon x2  
  50  14:00  Sentry x2  
Tags
 
Add a new tag
Caveats
  • Supply blocks, unpowered buildings, or Contaminate may cause inaccurate times.
  • Supply counts are checked every 10 seconds.